 Dungeon Crawl Stone Soup version 0.32-a0-747-gc8563f6773 (webtiles) character file.

Game seed: 6140756261280599417

10 cforsyth the Firebug (level 2, -1/26 HPs)
             Began as a Mountain Dwarf Cinder Acolyte on Mar 17, 2024.
             Was a High Priest of Ignis.
             Succumbed to a kobold's poison
             ... on level 1 of the Dungeon.
             The game lasted 00:00:32 (336 turns).

cforsyth the Firebug (Mountain Dwarf Cinder Acolyte) Turns: 336, Time: 00:00:32

Health: -1/26      AC:  2    Str: 16    XL:     2   Next: 10%
Magic:  3/3        EV: 10    Int: 14    God:    Ignis [*****.]
Gold:   84         SH:  0    Dex:  5    Spells: 3/3 levels left

rFire   + . .        a - -1 hand axe (flame)
rCold   . . .        (no shield)
rNeg    . . .        b - +0 robe
rPois   .            (no helmet)
rElec   .            (no cloak)
rCorr   .            (no gloves)
SInv    .            (no boots)
Will    .....        (no amulet)
Stlth   +            (no ring)
HPRegen 0.24/turn    (no ring)
MPRegen 0.08/turn

%: no passive effects
@: brilliant, lethally poisoned (-1 -> -26)
A: runic magic, artefact enchanting
a: Renounce Religion, Fiery Armour, Foxfire Swarm, Rising Flame


You were on level 1 of the Dungeon.
You worshipped Ignis.
Ignis was extremely pleased with you.
You visited 1 branch of the dungeon, and saw 1 of its levels.

You collected 84 gold pieces.


Innate Abilities, Weirdness & Mutations

Your spellcasting is much less encumbered by armour.
You can use scrolls of enchantment on lesser artefacts.


   Skills:
 + Level 3.4 Fighting
 + Level 3.8 Axes
 + Level 0.6 Armour
 + Level 1.1 Spellcasting
 + Level 3.8 Fire Magic


You had 3 spell levels left.
You didn't know any spells.
Your spell library contained the following spells:

 Spells                   Type           Power      Damage    Failure   Level
 Scorch                   Fire           34%        2d6       9%          2

Inventory:

Hand Weapons
 a - a -1 hand axe of flaming (weapon)
Armour
 b - a +0 robe (worn)
Scrolls
 c - a scroll of immolation {unknown}
Potions
 d - a potion of cancellation {unknown}
 e - a potion of lignification {unknown}
 f - a potion of brilliance

Dungeon Overview and Level Annotations

Branches:
Dungeon (1/15)

Altars:

..........##.###........
......##.###..##........
.†....##.#..).##........
......##.#.#..##........
......##.#.#..##........
......##.#.#....>.......
......##.#.#.###........
.......#.#.#.# #.######.
.......#.....# #@#
.............. #)#
......####.### #.# #.#
#.# #. #.. ###


There were no monsters in sight!


Message History

The kobold shouts!
A kobold is nearby!
A kobold is nearby!
The kobold barely misses you.
You hit the kobold but do no damage. The kobold hits you but does no damage.
You are poisoned.
You barely miss the kobold.
You feel very sick.
The kobold hits you with a +0 short sword of venom.
You are more poisoned.
You hit the kobold but do no damage.
You feel very sick.
The kobold hits you with a +0 short sword of venom.
* * * LOW HITPOINT WARNING * * *
You are lethally poisoned!
The kobold hits you but does no damage.
You are more poisoned.
Unknown command.
Unknown command.
You slash the kobold! You burn the kobold.
You kill the kobold!
* * * LOW HITPOINT WARNING * * *
You feel extremely sick.
Unknown command.
Unknown command.
Unknown command.
It was a potion of brilliance.
You feel clever all of a sudden.
You die...
Ignis goes out, and joins you in death.

Action                     || total
---------------------------++-------
  Melee: Hand axe          ||    45
    Use: Potion            ||     1
 Armour: Robe              ||    39
  Dodge: Dodged            ||    19

Levels and vault maps discovered:
D:1:      lightli_arrival_boilingwater, layout_basic

Notes
Turn   | Place    | Note
-------+----------+-------------------------------------------
     0 | D:1      | cforsyth the Mountain Dwarf Cinder Acolyte began the quest
                  | for the Orb.
     0 | D:1      | Reached XP level 1. HP: 19/19 MP: 2/2
   273 | D:1      | Reached XP level 2. HP: 24/26 MP: 3/3
   336 | D:1      | Succumbed to a kobold's poison

Vanquished Creatures
  A bat (D:1)
  2 giant cockroaches (D:1)
  A goblin (D:1)
  2 frilled lizards (D:1)
  3 kobolds (D:1)
  A rat (D:1)
10 creatures vanquished.

Table legend: (Time is in decaauts)
 A = Elapsed time spent in this place.
 B = Non-inter-level travel time spent in this place.
 C = Inter-level travel time spent in this place.
 D = Time resting spent in this place.
 E = Time spent auto-exploring this place.
 F = Levels seen in this place.
 G = Mean time per level.
                   A        B        C        D        E       F      G
               +--------+--------+--------+--------+--------+-----+--------+
         Total |    343 |    343 |      0 |      0 |    250 |   1 |  343.0 |
       Dungeon |    343 |    343 |      0 |      0 |    250 |   1 |  343.0 |
               +--------+--------+--------+--------+--------+-----+--------+

Top non-repeatable levels by time:
     D:1: 343 daAuts

Table legend:
 A = Non-vault XP
 B = Vault XP
 C = Vault XP percentage of total XP
 D = Non-vault monster count
 E = Vault monster count
 F = Vault count percentage of total count
                 A         B        C        D         E       F
            +---------+---------+-------+---------+---------+-------
      Total |      15 |       0 |   0.0 |      10 |       0 |   0.0
            +---------+---------+-------+---------+---------+-------
        D:1 |      15 |       0 |   0.0 |      10 |       0 |   0.0
            +---------+---------+-------+---------+---------+-------
